Flames vs RedWings

Created - Saturday, March 07, 2015 at 00:37

Goals
1 2 3 T
Flames 2 5 1 8
RedWings 0 0 2 2
Shots
1 2 3 T
Flames 11 21 9 41
RedWings 8 9 8 25

1st period

1. Flames , Brian Campbell 26 (Michael Frolik, Jordan Staal) at 4:36 (PP)
2. Flames , Jordan Staal 15 (Michael Frolik, Kris Russell) at 18:35

Penalties :
Eric Gryba (Det) for Slashing (Minor) at 3:44, TJ Brodie (Cal) for Roughing (Minor) at 10:32

2nd period

3. Flames , Michael Frolik 16 (Sean Monahan, Jordan Staal) at 4:28 (PP)
4. Flames , Aleksander Barkov 9 (Nick Spaling, Brian Campbell) at 9:46
5. Flames , Michael Frolik 17 (Sean Monahan, Jordan Staal) at 10:07 (PP)
6. Flames , Jordan Staal 16 (Kris Russell, Al Montoya) at 15:18 (PP)
7. Flames , Jason Spezza 18 (Justin Faulk) at 16:00

Penalties :
Bryan Bickell (Det) for Hooking (Minor) at 4:21, Alexei Emelin (Det) for Hooking (Minor) at 9:55, Johnny Boychuk (Det) for Tripping (Minor) at 14:05, Joe Colborne (Cal) for Hooking (Minor) at 16:21

3rd period

8. RedWings , Milan Michalek 15 (Beau Bennett, Johnny Boychuk) at 2:34
9. RedWings , Bryan Bickell 10 (John-Michael Liles) at 17:47
10. Flames , Jordan Staal 17 (Michael Frolik, Brian Campbell) at 18:39

Penalties :
Alexei Emelin (Det) for Tripping (Minor) at 2:43, Justin Abdelkader (Det) for Holding (Minor) at 4:36, Joakim Andersson (Cal) for Roughing (Minor) at 7:40, Alexei Emelin (Det) for Hooking (Minor) at 19:24

Goalie Stats

Al Montoya (Cal), 23 saves from 25 shots - (0.920), W, 11-6-2, 60:00 minutes
Jhonas Enroth (Det), 33 saves from 41 shots - (0.805), L, 1-4-0, 60:00 minutes

Players Stats for Flames

Player Name              G  A  P  +/- PIM S  H  SB GA TA FO     MP     PP MP  PK MP  
------------------------------------------------------------------------------------
Aleksander Barkov        1  0  1   0  0   3  0  0  2  0  1/3     9:25   0:00   0:00 
Brian Campbell           1  2  3   2  0   3  0  0  1  1  0/0    22:24   3:40   1:14 
Chris Phillips           0  0  0   0  0   1  1  3  0  0  0/0    17:29   0:00   3:05 
David Savard             0  0  0   0  0   2  1  2  0  3  0/0    16:45   0:00   2:52 
Jason Pominville         0  0  0   1  0   6  0  0  4  0  1/2    17:32   3:05   0:00 
Jason Spezza             1  0  1   1  0   5  0  1  3  0  12/17  17:32   3:05   0:00 
Joakim Andersson         0  0  0   0  2   1  0  1  0  1  2/2    11:48   0:00   1:50 
Joe Colborne             0  0  0   0  2   0  1  0  1  0  0/0     9:24   0:00   0:00 
Jordan Staal             3  3  6   1  0   5  0  0  0  1  13/19  17:05   3:46   0:00 
Justin Faulk             0  1  1   2  0   1  2  2  1  2  0/0    25:40   3:40   3:05 
Kris Russell             0  2  2   0  0   3  0  0  0  2  0/0    16:27   3:11   0:00 
Martin St. Louis         0  0  0   1  0   0  1  0  0  0  1/2    16:35   3:05   0:00 
Michael Frolik           2  3  5   1  0   4  0  1  5  0  0/1    17:05   3:46   0:00 
Mikael Backlund          0  0  0   1  0   1  3  0  0  1  2/3    17:18   0:00   3:00 
Nick Spaling             0  1  1   0  0   0  0  1  3  1  1/1    12:30   0:00   2:57 
Paul Byron               0  0  0   0  0   0  1  0  0  0  0/0    12:53   0:00   3:00 
Sean Monahan             0  2  2   0  0   3  1  0  2  0  6/8    14:52   3:46   1:07 
TJ Brodie                0  0  0   0  2   3  2  2  0  1  0/0    21:16   3:11   1:38 

Players Stats for RedWings

Player Name              G  A  P  +/- PIM S  H  SB GA TA FO     MP     PP MP  PK MP  
------------------------------------------------------------------------------------
Alexei Emelin            0  0  0   2  6   1  1  5  1  3  0/0    24:15   3:08   2:42 
Beau Bennett             0  1  1   1  0   1  0  1  0  0  0/1     9:56   0:00   1:05 
Bryan Bickell            1  0  1  -2  2   1  1  0  4  1  0/0    16:21   2:54   0:00 
Chris VandeVelde         0  0  0  -2  0   0  1  1  0  1  3/6    13:24   0:00   0:00 
Damien Brunner           0  0  0   0  0   5  0  0  2  0  1/1    14:02   0:00   0:00 
David Moss               0  0  0   0  0   1  1  1  1  0  0/0    14:54   3:26   0:07 
Devante Smith-Pelly      0  0  0  -3  0   1  0  0  2  0  0/2    14:43   0:24   0:00 
Eric Gryba               0  0  0  -4  2   0  3  2  0  1  0/0    19:36   2:49   2:05 
Jannik Hansen            0  0  0   0  0   1  0  1  2  0  0/1    18:56   2:31   1:23 
Jason Demers             0  0  0  -4  0   3  1  1  1  0  0/0    19:37   2:49   2:05 
John-Michael Liles       0  1  1   0  0   2  0  0  0  0  0/0    14:01   0:00   0:00 
Johnny Boychuk           0  1  1   2  2   2  2  3  1  2  0/0    25:22   3:08   3:47 
Justin Abdelkader        0  0  0  -1  2   3  2  0  1  0  5/19   20:27   3:26   4:44 
Milan Michalek           1  0  1   0  0   2  0  0  3  2  3/16   24:57   2:39   5:39 
Nick Leddy               0  0  0   0  0   0  0  3  2  1  0/0    17:23   0:00   3:22 
Paul Postma              0  0  0   0  0   0  0  0  0  0  0/0     0:00   0:00   0:00 
Zac Rinaldo              0  0  0   1  0   0  1  0  0  0  0/0     7:35   0:00   0:00 
Zenon Konopka            0  0  0   0  0   2  3  1  0  0  7/12   17:27   2:31   0:18 

3 Stars

1 - Jordan Staal (Cal)
2 - Michael Frolik (Cal)
3 - Brian Campbell (Cal)

Power Play

Flames - 4 on 7 Attempt(s) - 57.14%
RedWings - 0 on 3 Attempt(s) - 0.00%

Penalty Kill

Flames - 3 on 3 Attempt(s) - 100.00% - Score 0 goal in Penalty Kill
RedWings - 3 on 7 Attempt(s) - 42.86% - Score 0 goal in Penalty Kill

Team Stat

Flames - Hits : 13 - Faceoff Wins : 39 - Blocked Shots : 13 - Penalty Minutes : 6
RedWings - Hits : 16 - Faceoff Wins : 19 - Blocked Shots : 19 - Penalty Minutes : 14

Official

Referees : Unknown
Linesman : Unknown

Game Notes

Jordan Staal has scored a Hat Trick!

Finance

Level 1 -- Attendance: 4168 (69.47%) -- Ticket Income $416,800
Level 2 -- Attendance: 3840 (76.80%) -- Ticket Income $230,400
Level 3 -- Attendance: 1828 (91.40%) -- Ticket Income $54,840
Level 4 -- Attendance: 3042 (76.05%) -- Ticket Income $60,840
Luxury Box -- Attendance: 972 (97.20%) -- Ticket Income $165,240
Game was played at the Joe Louis Arena'
Total Attendance: 13850 (76.94%)
Total Ticket Income: $928,120
Other Income: $454,779
Total Income: $1,382,899

Flames

5 vs 5 Forward 
   Center                   Left Wing                Right Wing               Time % Phy DF OF 
 1 Jason Spezza             Mikael Backlund          Jason Pominville         30     0   1  4  
 2 Jordan Staal             Michael Frolik           Martin St. Louis         28     0   1  4  
 3 Sean Monahan             Joakim Andersson         Paul Byron               22     1   2  2  
 4 Aleksander Barkov        Nick Spaling             Joe Colborne             20     1   2  2  

5 vs 5 Defense 
   Defense                  Defense                                           Time % Phy DF OF 
 1 Brian Campbell           Justin Faulk                                      36     1   2  2  
 2 TJ Brodie                Chris Phillips                                    30     1   2  2  
 3 Kris Russell             David Savard                                      26     1   2  2  
 4 TJ Brodie                Justin Faulk                                      8      1   2  2  

PowerPlay Forward 
   Center                   Left Wing                Right Wing               Time % Phy DF OF 
 1 Jason Spezza             Martin St. Louis         Jason Pominville         50     0   0  5  
 2 Jordan Staal             Sean Monahan             Michael Frolik           50     0   0  5  

PowerPlay Defense
   Defense                  Defense                                           Time % Phy DF OF 
 1 Brian Campbell           Justin Faulk                                      50     0   0  5  
 2 TJ Brodie                Kris Russell                                      50     0   0  5  

Penalty Kill 4 Players Forward 
   Center                   Wing                     Time % Phy DF OF 
 1 Joakim Andersson         Nick Spaling             50     1   4  0  
 2 Mikael Backlund          Paul Byron               50     1   4  0  

Penalty Kill 4 Players Defense
   Defense                  Defense                  Time % Phy DF OF 
 1 Chris Phillips           Justin Faulk             50     0   5  0  
 2 TJ Brodie                David Savard             50     1   4  0  

Penalty Kill - 3 Players Forward 
   Forward                                           Time % Phy DF OF 
 1 Joakim Andersson                                  50     0   5  0  
 2 Mikael Backlund                                   50     0   5  0  

Penalty Kill - 3 Players Defense
   Defense                  Defense                  Time % Phy DF OF 
 1 Chris Phillips           Justin Faulk             50     0   5  0  
 2 TJ Brodie                Kris Russell             50     0   5  0  

4 vs 4 Forward 
   Center                   Wing                     Time % Phy DF OF 
 1 Jordan Staal             Jason Pominville         50     1   2  2  
 2 Jason Spezza             Martin St. Louis         50     1   2  2  

4 vs 4 Defense
   Defense                  Defense                  Time % Phy DF OF 
 1 Brian Campbell           Justin Faulk             50     1   2  2  
 2 TJ Brodie                David Savard             50     1   2  2  

Last Minutes Offensive
   Center                   Left Wing                Right Wing               Defense                  Defense                  
   Jason Spezza             Martin St. Louis         Jason Pominville         Brian Campbell           Justin Faulk             

Last Minutes Defensive
   Center                   Left Wing                Right Wing               Defense                  Defense                  
   Mikael Backlund          Joakim Andersson         Michael Frolik           TJ Brodie                Chris Phillips           

Goaltenders
Starting : Al Montoya               
Backup : Ryan Miller              

Extra Forwards
Normal : Mikael Backlund, Jason Spezza, Aleksander Barkov - PP : Mikael Backlund, Aleksander Barkov - PK : Nick Spaling
Extra Defensemen
Normal : Justin Faulk, Kris Russell, David Savard - PP : Chris Phillips - PK : Brian Campbell, David Savard
Penalty Shots
Sean Monahan, Jason Spezza, Joe Colborne, Martin St. Louis, Jason Pominville

RedWings

5 vs 5 Forward 
   Center                   Left Wing                Right Wing               Time % Phy DF OF 
 1 Justin Abdelkader        Milan Michalek           David Moss               35     1   2  2  
 2 Zenon Konopka            Jannik Hansen            Damien Brunner           30     1   2  2  
 3 Chris VandeVelde         Bryan Bickell            Devante Smith-Pelly      22     1   2  2  
 4 Milan Michalek           Beau Bennett             Zac Rinaldo              13     1   2  2  

5 vs 5 Defense 
   Defense                  Defense                                           Time % Phy DF OF 
 1 Johnny Boychuk           Alexei Emelin                                     35     1   2  2  
 2 Jason Demers             Eric Gryba                                        30     1   2  2  
 3 John-Michael Liles       Nick Leddy                                        22     1   2  2  
 4 Johnny Boychuk           Alexei Emelin                                     13     1   2  2  

PowerPlay Forward 
   Center                   Left Wing                Right Wing               Time % Phy DF OF 
 1 Justin Abdelkader        Milan Michalek           David Moss               60     1   2  2  
 2 Zenon Konopka            Jannik Hansen            Bryan Bickell            40     1   2  2  

PowerPlay Defense
   Defense                  Defense                                           Time % Phy DF OF 
 1 Johnny Boychuk           Alexei Emelin                                     60     1   2  2  
 2 Jason Demers             Eric Gryba                                        40     1   2  2  

Penalty Kill 4 Players Forward 
   Center                   Wing                     Time % Phy DF OF 
 1 Milan Michalek           Justin Abdelkader        60     1   2  2  
 2 David Moss               Jannik Hansen            40     1   2  2  

Penalty Kill 4 Players Defense
   Defense                  Defense                  Time % Phy DF OF 
 1 Johnny Boychuk           Alexei Emelin            60     1   2  2  
 2 Jason Demers             Eric Gryba               40     1   2  2  

Penalty Kill - 3 Players Forward 
   Forward                                           Time % Phy DF OF 
 1 Milan Michalek                                    60     1   2  2  
 2 Justin Abdelkader                                 40     1   2  2  

Penalty Kill - 3 Players Defense
   Defense                  Defense                  Time % Phy DF OF 
 1 Johnny Boychuk           Alexei Emelin            60     1   2  2  
 2 Jason Demers             Eric Gryba               40     1   2  2  

4 vs 4 Forward 
   Center                   Wing                     Time % Phy DF OF 
 1 Milan Michalek           Justin Abdelkader        60     1   2  2  
 2 David Moss               Jannik Hansen            40     1   2  2  

4 vs 4 Defense
   Defense                  Defense                  Time % Phy DF OF 
 1 Johnny Boychuk           Alexei Emelin            60     1   2  2  
 2 Jason Demers             Eric Gryba               40     1   2  2  

Last Minutes Offensive
   Center                   Left Wing                Right Wing               Defense                  Defense                  
   Justin Abdelkader        Milan Michalek           David Moss               Johnny Boychuk           Alexei Emelin            

Last Minutes Defensive
   Center                   Left Wing                Right Wing               Defense                  Defense                  
   Justin Abdelkader        Milan Michalek           David Moss               Johnny Boychuk           Alexei Emelin            

Goaltenders
Starting : Jhonas Enroth            
Backup : Jonas Hiller             

Extra Forwards
Normal : Bryan Bickell, Devante Smith-Pelly, Beau Bennett - PP : Bryan Bickell, Devante Smith-Pelly - PK : Beau Bennett
Extra Defensemen
Normal : John-Michael Liles, Nick Leddy, Jason Demers - PP : John-Michael Liles - PK : Nick Leddy, Jason Demers
Penalty Shots
Milan Michalek, Justin Abdelkader, David Moss, Jannik Hansen, Devante Smith-Pelly

% Time on Ice - Flames

Lines # - Real PCT - Wanted PCT - Time Play
Normal Forward
1 - 31% - 30% - 14:35
2 - 28% - 28% - 13:21
3 - 21% - 22% - 9:51
4 - 20% - 20% - 9:25
Normal Defense
1 - 37% - 36% - 17:28
2 - 32% - 30% - 15:01
3 - 28% - 26% - 13:16
4 - 3% - 8% - 1:27
PP Forward
1 - 45% - 50% - 3:05
2 - 55% - 50% - 3:46
PP Defense
1 - 54% - 50% - 3:40
2 - 46% - 50% - 3:11
PK Forward
1 - 50% - 50% - 2:57
2 - 50% - 50% - 3:00
PK Defense
1 - 52% - 50% - 3:05
2 - 48% - 50% - 2:52
PK3 Forward
1 - 0% - 50%
2 - 0% - 50%
PK3 Defense
1 - 0% - 50%
2 - 0% - 50%
44 Forward
1 - 0% - 50%
2 - 0% - 50%
44 Defense
1 - 0% - 50%
2 - 0% - 50%
Last Minute Offensive  - 0:00
Last Minute Defensive  - 0:00
Total
Forward - 60:00
Defense - 60:00

% Time on Ice - RedWings

Lines # - Real PCT - Wanted PCT - Time Play
Normal Forward
1 - 25% - 35% - 11:35
2 - 31% - 30% - 14:38
3 - 28% - 22% - 13:24
4 - 16% - 13% - 7:35
Normal Defense
1 - 34% - 35% - 15:54
2 - 31% - 30% - 14:43
3 - 30% - 22% - 14:01
4 - 5% - 13% - 2:34
PP Forward
1 - 58% - 60% - 3:26
2 - 42% - 40% - 2:31
PP Defense
1 - 53% - 60% - 3:08
2 - 47% - 40% - 2:49
PK Forward
1 - 98% - 60% - 6:38
2 - 2% - 40% - 0:07
PK Defense
1 - 69% - 60% - 4:40
2 - 31% - 40% - 2:05
PK3 Forward
1 - 100% - 60% - 0:06
2 - 0% - 40% - 0:00
PK3 Defense
1 - 100% - 60% - 0:06
2 - 0% - 40% - 0:00
44 Forward
1 - 0% - 60%
2 - 0% - 40%
44 Defense
1 - 0% - 60%
2 - 0% - 40%
Last Minute Offensive  - 0:00
Last Minute Defensive  - 0:00
Total
Forward - 60:00
Defense - 60:00

Play by Play

1st period


0:01 of 1st period - Justin Abdelkader wins face-off versus Mikael Backlund in neutral zone.
0:18 of 1st period - Slapshot by Brian Campbell.
0:18 of 1st period - Stopped by Jhonas Enroth with a rebound.
0:28 of 1st period - Wrist shot by Jason Pominville.
0:28 of 1st period - Stopped by Jhonas Enroth with a rebound.
1:02 of 1st period - Jannik Hansen is hit by Justin Faulk and loses puck.
1:19 of 1st period - Wrist shot by Damien Brunner.
1:19 of 1st period - Shot Misses the Net.
1:31 of 1st period - Slapshot by Devante Smith-Pelly.
1:31 of 1st period - Deflect By Chris VandeVelde.
1:31 of 1st period - Shot Misses the Net.
1:31 of 1st period - Puck is out of play.
1:32 of 1st period - Sean Monahan wins face-off versus Devante Smith-Pelly in Flames zone.
1:32 of 1st period - Sean Monahan is hit by Chris VandeVelde.
2:11 of 1st period - Icing by John-Michael Liles.
2:12 of 1st period - Chris VandeVelde wins face-off versus Aleksander Barkov in RedWings zone.
2:27 of 1st period - Zac Rinaldo is hit by TJ Brodie and loses puck.
2:34 of 1st period - Snap shot by Aleksander Barkov.
2:34 of 1st period - Stopped by Jhonas Enroth with a rebound.
2:40 of 1st period - Snap shot by Aleksander Barkov.
2:40 of 1st period - Stopped by Jhonas Enroth with a rebound.
2:47 of 1st period - Wrist shot by Nick Spaling.
2:47 of 1st period - Shot Blocked by Beau Bennett.
2:49 of 1st period - Slapshot by TJ Brodie.
2:49 of 1st period - Stopped by Jhonas Enroth with a rebound.
3:23 of 1st period - Snap shot by Damien Brunner.
3:23 of 1st period - Stopped by Al Montoya with a rebound.
3:25 of 1st period - Slapshot by Alexei Emelin.
3:25 of 1st period - Stopped by Al Montoya without a rebound.
3:26 of 1st period - Justin Abdelkader wins face-off versus Jordan Staal in Flames zone.
3:27 of 1st period - Snap shot by Milan Michalek.
3:27 of 1st period - Shot Misses the Net.
3:44 of 1st period - Minor Penalty to Eric Gryba for Slashing.
3:45 of 1st period - Jason Spezza wins face-off versus Milan Michalek in RedWings zone.
4:36 of 1st period - Wrist shot by Brian Campbell.
4:36 of 1st period - Goal by Brian Campbell - Flames : 1 - RedWings : 0.
4:37 of 1st period - Zenon Konopka wins face-off versus Sean Monahan in neutral zone.
5:00 of 1st period - Wrist shot by Sean Monahan.
5:00 of 1st period - Shot Misses the Net.
5:04 of 1st period - Wrist shot by Sean Monahan.
5:04 of 1st period - Shot Misses the Net.
5:06 of 1st period - Slapshot by Kris Russell.
5:06 of 1st period - Shot Blocked by Eric Gryba.
5:10 of 1st period - Snap shot by Joakim Andersson.
5:10 of 1st period - Stopped by Jhonas Enroth without a rebound.
5:11 of 1st period - Chris VandeVelde wins face-off versus Martin St. Louis in RedWings zone.
5:24 of 1st period - Snap shot by Jordan Staal.
5:24 of 1st period - Deflect By Michael Frolik.
5:24 of 1st period - Shot Misses the Net.
5:24 of 1st period - Puck is out of play.
5:25 of 1st period - Jordan Staal wins face-off versus Chris VandeVelde in RedWings zone.
6:15 of 1st period - Slapshot by Brian Campbell.
6:15 of 1st period - Shot Blocked by David Moss.
6:21 of 1st period - TJ Brodie is hit by Justin Abdelkader and loses puck.
7:08 of 1st period - Snap shot by Damien Brunner.
7:08 of 1st period - Stopped by Al Montoya with a rebound.
8:35 of 1st period - Johnny Boychuk is hit by David Savard and loses puck.
10:19 of 1st period - Snap shot by Damien Brunner.
10:19 of 1st period - Shot Misses the Net.
10:26 of 1st period - Wrist shot by Damien Brunner.
10:26 of 1st period - Stopped by Al Montoya without a rebound.
10:27 of 1st period - Zenon Konopka wins face-off versus Jason Spezza in Flames zone.
10:32 of 1st period - Minor Penalty to TJ Brodie for Roughing.
10:33 of 1st period - Mikael Backlund wins face-off versus Justin Abdelkader in Flames zone.
11:13 of 1st period - Slapshot by Bryan Bickell.
11:13 of 1st period - Shot Blocked by Joakim Andersson.
11:15 of 1st period - Snap shot by Johnny Boychuk.
11:15 of 1st period - Shot Blocked by Nick Spaling.
11:17 of 1st period - Snap shot by Zenon Konopka.
11:17 of 1st period - Stopped by Al Montoya without a rebound.
11:18 of 1st period - Nick Spaling wins face-off versus Justin Abdelkader in Flames zone.
12:01 of 1st period - Slapshot by Jason Demers.
12:01 of 1st period - Stopped by Al Montoya with a rebound.
12:11 of 1st period - Mikael Backlund is hit by Jason Demers and loses puck.
12:32 of 1st period - Penalty to TJ Brodie is over, TJ Brodie is back on ice.
12:42 of 1st period - Snap shot by Jordan Staal.
12:42 of 1st period - Shot Blocked by Johnny Boychuk.
12:44 of 1st period - Slapshot by Jordan Staal.
12:44 of 1st period - Shot Blocked by Alexei Emelin.
12:46 of 1st period - Slapshot by Chris Phillips.
12:46 of 1st period - Deflect By Michael Frolik.
12:46 of 1st period - Stopped by Jhonas Enroth with a rebound.
12:48 of 1st period - Wrist shot by Martin St. Louis.
12:48 of 1st period - Shot Blocked by Alexei Emelin.
12:50 of 1st period - Slapshot by TJ Brodie.
12:50 of 1st period - Shot Blocked by Johnny Boychuk.
13:36 of 1st period - Slapshot by John-Michael Liles.
13:36 of 1st period - Stopped by Al Montoya with a rebound.
13:38 of 1st period - Snap shot by Chris VandeVelde.
13:38 of 1st period - Shot Misses the Net.
14:23 of 1st period - Snap shot by Jason Pominville.
14:23 of 1st period - Stopped by Jhonas Enroth with a rebound.
14:59 of 1st period - Justin Faulk is hit by Alexei Emelin and loses puck.
15:12 of 1st period - Wrist shot by Beau Bennett.
15:12 of 1st period - Stopped by Al Montoya without a rebound.
15:13 of 1st period - Milan Michalek wins face-off versus Jordan Staal in Flames zone.
16:10 of 1st period - Snap shot by Jason Pominville.
16:10 of 1st period - Shot Misses the Net.
16:35 of 1st period - Justin Faulk is hit by Zenon Konopka and loses puck.
17:17 of 1st period - Johnny Boychuk is hit by Chris Phillips and loses puck.
17:27 of 1st period - Icing by Zenon Konopka.
17:28 of 1st period - Sean Monahan wins face-off versus Jannik Hansen in RedWings zone.
18:35 of 1st period - Snap shot by Jordan Staal.
18:35 of 1st period - Goal by Jordan Staal - Flames : 2 - RedWings : 0.
18:36 of 1st period - Milan Michalek wins face-off versus Jason Spezza in neutral zone.
19:11 of 1st period - Jason Demers is hit by Mikael Backlund.
19:37 of 1st period - Slapshot by Kris Russell.
19:37 of 1st period - Stopped by Jhonas Enroth with a rebound.
19:53 of 1st period - Wrist shot by Sean Monahan.
19:53 of 1st period - Shot Misses the Net.
19:55 of 1st period - Snap shot by Sean Monahan.
19:55 of 1st period - Deflect By Joakim Andersson.
19:55 of 1st period - Shot Misses the Net.
19:55 of 1st period - Puck is out of play.
19:56 of 1st period - Jordan Staal wins face-off versus Justin Abdelkader in RedWings zone.
19:57 of 1st period - Slapshot by Brian Campbell.
19:57 of 1st period - Shot Blocked by Alexei Emelin.
Goals for this period are 2 for Flames vs 0 for RedWings.
Shots for this period are 11 for Flames vs 8 for RedWings.

2nd period


0:01 of 2nd period - Jason Spezza wins face-off versus Justin Abdelkader in neutral zone.
0:10 of 2nd period - Wrist shot by Milan Michalek.
0:10 of 2nd period - Shot Misses the Net.
0:12 of 2nd period - Wrist shot by Milan Michalek.
0:12 of 2nd period - Shot Misses the Net.
0:14 of 2nd period - Slapshot by Johnny Boychuk.
0:14 of 2nd period - Deflect By Justin Faulk.
0:14 of 2nd period - Stopped by Al Montoya with a rebound.
0:16 of 2nd period - Snap shot by Milan Michalek.
0:16 of 2nd period - Deflect By Justin Abdelkader.
0:16 of 2nd period - Shot Misses the Net.
0:16 of 2nd period - Puck is out of play.
0:17 of 2nd period - Jason Spezza wins face-off versus Justin Abdelkader in Flames zone.
0:38 of 2nd period - Snap shot by Milan Michalek.
0:38 of 2nd period - Shot Misses the Net.
0:40 of 2nd period - Wrist shot by Milan Michalek.
0:40 of 2nd period - Stopped by Al Montoya with a rebound.
0:42 of 2nd period - Backhand shot by David Moss.
0:42 of 2nd period - Stopped by Al Montoya with a rebound.
1:06 of 2nd period - Joakim Andersson is hit by Zenon Konopka.
1:10 of 2nd period - Brian Campbell is hit by Eric Gryba and loses puck.
1:48 of 2nd period - Nick Leddy is hit by Martin St. Louis.
3:23 of 2nd period - Slapshot by Justin Abdelkader.
3:23 of 2nd period - Shot Misses the Net.
3:25 of 2nd period - Slapshot by Milan Michalek.
3:25 of 2nd period - Deflect By Justin Abdelkader.
3:25 of 2nd period - Stopped by Al Montoya with a rebound.
3:56 of 2nd period - Snap shot by Jason Spezza.
3:56 of 2nd period - Shot Blocked by Chris VandeVelde.
3:58 of 2nd period - Slapshot by David Savard.
3:58 of 2nd period - Stopped by Jhonas Enroth with a rebound.
4:04 of 2nd period - Wrist shot by Jason Spezza.
4:04 of 2nd period - Stopped by Jhonas Enroth with a rebound.
4:06 of 2nd period - Backhand shot by Jason Spezza.
4:06 of 2nd period - Stopped by Jhonas Enroth with a rebound.
4:08 of 2nd period - Wrist shot by Mikael Backlund.
4:08 of 2nd period - Shot Misses the Net.
4:10 of 2nd period - Snap shot by Jason Spezza.
4:10 of 2nd period - Shot Blocked by Nick Leddy.
4:21 of 2nd period - Minor Penalty to Bryan Bickell for Hooking.
4:22 of 2nd period - Jordan Staal wins face-off versus Milan Michalek in RedWings zone.
4:26 of 2nd period - Snap shot by Sean Monahan.
4:26 of 2nd period - Stopped by Jhonas Enroth with a rebound.
4:28 of 2nd period - Snap shot by Michael Frolik.
4:28 of 2nd period - Goal by Michael Frolik - Flames : 3 - RedWings : 0.
4:29 of 2nd period - Jason Spezza wins face-off versus Zenon Konopka in neutral zone.
4:32 of 2nd period - Wrist shot by Kris Russell.
4:32 of 2nd period - Stopped by Jhonas Enroth with a rebound.
5:02 of 2nd period - Snap shot by Jannik Hansen.
5:02 of 2nd period - Shot Misses the Net.
5:27 of 2nd period - TJ Brodie is hit by Justin Abdelkader and loses puck.
5:34 of 2nd period - Slapshot by Chris Phillips.
5:34 of 2nd period - Deflect By Milan Michalek.
5:34 of 2nd period - Stopped by Jhonas Enroth with a rebound.
5:40 of 2nd period - Paul Byron is hit by David Moss.
6:33 of 2nd period - Snap shot by Aleksander Barkov.
6:33 of 2nd period - Shot Misses the Net.
7:22 of 2nd period - Icing by Justin Faulk.
7:23 of 2nd period - Zenon Konopka wins face-off versus Michael Frolik in Flames zone.
7:46 of 2nd period - Snap shot by Jason Pominville.
7:46 of 2nd period - Deflect By Jason Spezza.
7:46 of 2nd period - Shot Blocked by Eric Gryba.
7:46 of 2nd period - Puck is out of play.
7:47 of 2nd period - Jason Spezza wins face-off versus Justin Abdelkader in RedWings zone.
8:06 of 2nd period - Snap shot by Justin Abdelkader.
8:06 of 2nd period - Shot Misses the Net.
8:22 of 2nd period - Slapshot by Jason Pominville.
8:22 of 2nd period - Shot Misses the Net.
9:31 of 2nd period - Justin Faulk is hit by Bryan Bickell.
9:35 of 2nd period - Slapshot by Devante Smith-Pelly.
9:35 of 2nd period - Shot Misses the Net.
9:46 of 2nd period - Wrist shot by Aleksander Barkov.
9:46 of 2nd period - Goal by Aleksander Barkov - Flames : 4 - RedWings : 0.
9:47 of 2nd period - Jason Pominville wins face-off versus Justin Abdelkader in neutral zone.
9:55 of 2nd period - Minor Penalty to Alexei Emelin for Hooking.
9:56 of 2nd period - Jordan Staal wins face-off versus Milan Michalek in RedWings zone.
10:01 of 2nd period - Wrist shot by Sean Monahan.
10:01 of 2nd period - Shot Blocked by Nick Leddy.
10:03 of 2nd period - Slapshot by TJ Brodie.
10:03 of 2nd period - Stopped by Jhonas Enroth without a rebound.
10:04 of 2nd period - Jordan Staal wins face-off versus Milan Michalek in RedWings zone.
10:07 of 2nd period - Snap shot by Michael Frolik.
10:07 of 2nd period - Goal by Michael Frolik - Flames : 5 - RedWings : 0.
10:08 of 2nd period - Zenon Konopka wins face-off versus Jason Pominville in neutral zone.
10:17 of 2nd period - Snap shot by Jannik Hansen.
10:17 of 2nd period - Shot Misses the Net.
10:19 of 2nd period - Slapshot by Alexei Emelin.
10:19 of 2nd period - Deflect By Jannik Hansen.
10:19 of 2nd period - Shot Misses the Net.
10:19 of 2nd period - Puck is out of play.
10:20 of 2nd period - Zenon Konopka wins face-off versus Jason Spezza in Flames zone.
10:27 of 2nd period - Snap shot by Damien Brunner.
10:27 of 2nd period - Shot Misses the Net.
10:29 of 2nd period - Snap shot by Zenon Konopka.
10:29 of 2nd period - Stopped by Al Montoya with a rebound.
10:31 of 2nd period - Slapshot by Johnny Boychuk.
10:31 of 2nd period - Shot Blocked by Justin Faulk.
10:33 of 2nd period - Slapshot by Johnny Boychuk.
10:33 of 2nd period - Shot Blocked by TJ Brodie.
10:39 of 2nd period - Snap shot by Damien Brunner.
10:39 of 2nd period - Stopped by Al Montoya without a rebound.
10:40 of 2nd period - Justin Abdelkader wins face-off versus Jordan Staal in Flames zone.
10:47 of 2nd period - Snap shot by Justin Abdelkader.
10:47 of 2nd period - Shot Blocked by Michael Frolik.
10:49 of 2nd period - Wrist shot by Eric Gryba.
10:49 of 2nd period - Shot Blocked by David Savard.
11:25 of 2nd period - Icing by Kris Russell.
11:26 of 2nd period - Jordan Staal wins face-off versus Chris VandeVelde in Flames zone.
11:45 of 2nd period - Snap shot by Jason Spezza.
11:45 of 2nd period - Deflect By Jason Pominville.
11:45 of 2nd period - Shot Misses the Net.
11:45 of 2nd period - Puck is out of play.
11:46 of 2nd period - Damien Brunner wins face-off versus Jason Spezza in RedWings zone.
11:57 of 2nd period - Snap shot by Damien Brunner.
11:57 of 2nd period - Stopped by Al Montoya with a rebound.
11:59 of 2nd period - Snap shot by Jannik Hansen.
11:59 of 2nd period - Stopped by Al Montoya without a rebound.
12:00 of 2nd period - Sean Monahan wins face-off versus Zenon Konopka in Flames zone.
13:03 of 2nd period - Snap shot by Jason Pominville.
13:03 of 2nd period - Stopped by Jhonas Enroth with a rebound.
13:05 of 2nd period - Slapshot by TJ Brodie.
13:05 of 2nd period - Shot Blocked by Zenon Konopka.
13:07 of 2nd period - Slapshot by Chris Phillips.
13:07 of 2nd period - Shot Misses the Net.
13:09 of 2nd period - Slapshot by TJ Brodie.
13:09 of 2nd period - Shot Misses the Net.
13:34 of 2nd period - Off-side.
13:35 of 2nd period - Justin Abdelkader wins face-off versus Jordan Staal in neutral zone.
13:44 of 2nd period - Slapshot by Kris Russell.
13:44 of 2nd period - Shot Blocked by Alexei Emelin.
13:46 of 2nd period - Slapshot by David Savard.
13:46 of 2nd period - Stopped by Jhonas Enroth with a rebound.
13:48 of 2nd period - Wrist shot by Michael Frolik.
13:48 of 2nd period - Stopped by Jhonas Enroth with a rebound.
14:05 of 2nd period - Minor Penalty to Johnny Boychuk for Tripping.
14:06 of 2nd period - Jason Spezza wins face-off versus Milan Michalek in RedWings zone.
14:28 of 2nd period - Snap shot by Jason Spezza.
14:28 of 2nd period - Stopped by Jhonas Enroth with a rebound.
14:30 of 2nd period - Wrist shot by Jason Spezza.
14:30 of 2nd period - Stopped by Jhonas Enroth with a rebound.
14:32 of 2nd period - Slapshot by Brian Campbell.
14:32 of 2nd period - Shot Misses the Net.
14:34 of 2nd period - Slapshot by Justin Faulk.
14:34 of 2nd period - Stopped by Jhonas Enroth with a rebound.
14:36 of 2nd period - Slapshot by Justin Faulk.
14:36 of 2nd period - Shot Misses the Net.
15:02 of 2nd period - Snap shot by Jordan Staal.
15:02 of 2nd period - Stopped by Jhonas Enroth with a rebound.
15:04 of 2nd period - Slapshot by Kris Russell.
15:04 of 2nd period - Stopped by Jhonas Enroth without a rebound.
15:05 of 2nd period - Jordan Staal wins face-off versus Milan Michalek in RedWings zone.
15:18 of 2nd period - Snap shot by Jordan Staal.
15:18 of 2nd period - Goal by Jordan Staal - Flames : 6 - RedWings : 0.
15:19 of 2nd period - Chris VandeVelde wins face-off versus Jason Spezza in neutral zone.
15:24 of 2nd period - Snap shot by Devante Smith-Pelly.
15:24 of 2nd period - Shot Misses the Net.
15:26 of 2nd period - Wrist shot by Bryan Bickell.
15:26 of 2nd period - Shot Blocked by Justin Faulk.
15:28 of 2nd period - Snap shot by Eric Gryba.
15:28 of 2nd period - Shot Blocked by Jason Spezza.
15:30 of 2nd period - Snap shot by Devante Smith-Pelly.
15:30 of 2nd period - Deflect By Jason Spezza.
15:30 of 2nd period - Stopped by Al Montoya without a rebound.
15:31 of 2nd period - Jason Spezza wins face-off versus Devante Smith-Pelly in Flames zone.
16:00 of 2nd period - Wrist shot by Jason Spezza.
16:00 of 2nd period - Goal by Jason Spezza - Flames : 7 - RedWings : 0.
16:01 of 2nd period - Zenon Konopka wins face-off versus Aleksander Barkov in neutral zone.
16:21 of 2nd period - Minor Penalty to Joe Colborne for Hooking.
16:22 of 2nd period - Joakim Andersson wins face-off versus Justin Abdelkader in Flames zone.
17:16 of 2nd period - Justin Faulk is hit by Johnny Boychuk and loses puck.
17:41 of 2nd period - Wrist shot by Jannik Hansen.
17:41 of 2nd period - Deflect By Zenon Konopka.
17:41 of 2nd period - Shot Misses the Net.
17:41 of 2nd period - Puck is out of play.
17:42 of 2nd period - Joakim Andersson wins face-off versus Justin Abdelkader in Flames zone.
18:21 of 2nd period - Penalty to Joe Colborne is over, Joe Colborne is back on ice.
19:18 of 2nd period - Alexei Emelin is hit by Mikael Backlund and loses puck.
19:31 of 2nd period - Snap shot by Jason Pominville.
19:31 of 2nd period - Shot Hit the Post.
19:33 of 2nd period - Slapshot by Kris Russell.
19:33 of 2nd period - Shot Blocked by Alexei Emelin.
19:35 of 2nd period - Slapshot by Mikael Backlund.
19:35 of 2nd period - Shot Blocked by Johnny Boychuk.
19:37 of 2nd period - Snap shot by Mikael Backlund.
19:37 of 2nd period - Stopped by Jhonas Enroth without a rebound.
19:38 of 2nd period - Sean Monahan wins face-off versus Zenon Konopka in RedWings zone.
19:56 of 2nd period - Icing by Johnny Boychuk.
19:57 of 2nd period - Zenon Konopka wins face-off versus Sean Monahan in RedWings zone.
Goals for this period are 5 for Flames vs 0 for RedWings.
Shots for this period are 21 for Flames vs 9 for RedWings.

3rd period


0:01 of 3rd period - Aleksander Barkov wins face-off versus Justin Abdelkader in neutral zone.
1:05 of 3rd period - Snap shot by Jason Pominville.
1:05 of 3rd period - Stopped by Jhonas Enroth with a rebound.
1:07 of 3rd period - Slapshot by Justin Faulk.
1:07 of 3rd period - Shot Blocked by Jannik Hansen.
1:09 of 3rd period - Slapshot by Brian Campbell.
1:09 of 3rd period - Stopped by Jhonas Enroth with a rebound.
1:42 of 3rd period - Brian Campbell is hit by Eric Gryba and loses puck.
1:53 of 3rd period - Snap shot by Paul Byron.
1:53 of 3rd period - Shot Blocked by Nick Leddy.
2:12 of 3rd period - Off-side.
2:13 of 3rd period - Jordan Staal wins face-off versus Milan Michalek in neutral zone.
2:28 of 3rd period - Wrist shot by Milan Michalek.
2:28 of 3rd period - Shot Misses the Net.
2:30 of 3rd period - Slapshot by Johnny Boychuk.
2:30 of 3rd period - Shot Blocked by David Savard.
2:32 of 3rd period - Snap shot by Beau Bennett.
2:32 of 3rd period - Shot Misses the Net.
2:34 of 3rd period - Snap shot by Milan Michalek.
2:34 of 3rd period - Goal by Milan Michalek - Flames : 7 - RedWings : 1.
2:35 of 3rd period - Jason Spezza wins face-off versus Justin Abdelkader in neutral zone.
2:43 of 3rd period - Minor Penalty to Alexei Emelin for Tripping.
2:44 of 3rd period - Justin Abdelkader wins face-off versus Jordan Staal in RedWings zone.
3:08 of 3rd period - Snap shot by Jordan Staal.
3:08 of 3rd period - Stopped by Jhonas Enroth without a rebound.
3:09 of 3rd period - Martin St. Louis wins face-off versus Milan Michalek in RedWings zone.
3:16 of 3rd period - Snap shot by Jason Pominville.
3:16 of 3rd period - Stopped by Jhonas Enroth without a rebound.
3:17 of 3rd period - Jason Spezza wins face-off versus Milan Michalek in RedWings zone.
3:55 of 3rd period - Off-side.
3:56 of 3rd period - Jordan Staal wins face-off versus Milan Michalek in neutral zone.
4:07 of 3rd period - Wrist shot by Sean Monahan.
4:07 of 3rd period - Stopped by Jhonas Enroth without a rebound.
4:08 of 3rd period - Jordan Staal wins face-off versus Milan Michalek in RedWings zone.
4:25 of 3rd period - Snap shot by Sean Monahan.
4:25 of 3rd period - Stopped by Jhonas Enroth with a rebound.
4:27 of 3rd period - Wrist shot by TJ Brodie.
4:27 of 3rd period - Stopped by Jhonas Enroth without a rebound.
4:28 of 3rd period - Jason Spezza wins face-off versus Milan Michalek in RedWings zone.
4:36 of 3rd period - Minor Penalty to Justin Abdelkader for Holding.
4:37 of 3rd period - Milan Michalek wins face-off versus Jordan Staal in RedWings zone.
4:43 of 3rd period - Penalty to Alexei Emelin is over, Alexei Emelin is back on ice.
6:08 of 3rd period - Jason Demers is hit by TJ Brodie and loses puck.
6:17 of 3rd period - Slapshot by Jason Demers.
6:17 of 3rd period - Stopped by Al Montoya with a rebound.
6:19 of 3rd period - Slapshot by Jason Demers.
6:19 of 3rd period - Stopped by Al Montoya without a rebound.
6:20 of 3rd period - Jordan Staal wins face-off versus Beau Bennett in Flames zone.
6:36 of 3rd period - Penalty to Justin Abdelkader is over, Justin Abdelkader is back on ice.
7:29 of 3rd period - Backhand shot by Nick Leddy.
7:29 of 3rd period - Deflect By Bryan Bickell.
7:29 of 3rd period - Shot Blocked by Chris Phillips.
7:29 of 3rd period - Puck is out of play.
7:30 of 3rd period - Sean Monahan wins face-off versus Zenon Konopka in Flames zone.
7:40 of 3rd period - Minor Penalty to Joakim Andersson for Roughing.
7:41 of 3rd period - Mikael Backlund wins face-off versus Justin Abdelkader in Flames zone.
7:55 of 3rd period - Wrist shot by Justin Abdelkader.
7:55 of 3rd period - Shot Misses the Net.
7:57 of 3rd period - Slapshot by Alexei Emelin.
7:57 of 3rd period - Shot Blocked by Chris Phillips.
7:59 of 3rd period - Slapshot by Johnny Boychuk.
7:59 of 3rd period - Stopped by Al Montoya with a rebound.
8:01 of 3rd period - Slapshot by Johnny Boychuk.
8:01 of 3rd period - Shot Blocked by Chris Phillips.
8:39 of 3rd period - Eric Gryba is hit by Justin Faulk and loses puck.
9:24 of 3rd period - Wrist shot by Justin Abdelkader.
9:24 of 3rd period - Stopped by Al Montoya with a rebound.
9:40 of 3rd period - Penalty to Joakim Andersson is over, Joakim Andersson is back on ice.
9:41 of 3rd period - David Moss is hit by Sean Monahan and loses puck.
10:07 of 3rd period - Justin Faulk is hit by Johnny Boychuk and loses puck.
10:18 of 3rd period - Michael Frolik is hit by Zac Rinaldo and loses puck.
10:48 of 3rd period - Jason Demers is hit by Mikael Backlund and loses puck.
11:36 of 3rd period - Slapshot by John-Michael Liles.
11:36 of 3rd period - Stopped by Al Montoya with a rebound.
12:24 of 3rd period - Wrist shot by Devante Smith-Pelly.
12:24 of 3rd period - Shot Blocked by TJ Brodie.
12:26 of 3rd period - Slapshot by Johnny Boychuk.
12:26 of 3rd period - Shot Misses the Net.
12:28 of 3rd period - Wrist shot by Devante Smith-Pelly.
12:28 of 3rd period - Shot Misses the Net.
13:02 of 3rd period - Slapshot by Brian Campbell.
13:02 of 3rd period - Shot Blocked by Jason Demers.
14:14 of 3rd period - Milan Michalek is hit by Joe Colborne.
14:43 of 3rd period - David Savard is hit by Zenon Konopka.
15:27 of 3rd period - Snap shot by Justin Abdelkader.
15:27 of 3rd period - Stopped by Al Montoya without a rebound.
15:28 of 3rd period - Sean Monahan wins face-off versus Justin Abdelkader in Flames zone.
16:06 of 3rd period - Nick Spaling is hit by Eric Gryba and loses puck.
17:30 of 3rd period - Nick Leddy is hit by Paul Byron and loses puck.
17:47 of 3rd period - Wrist shot by Bryan Bickell.
17:47 of 3rd period - Goal by Bryan Bickell - Flames : 7 - RedWings : 2.
17:48 of 3rd period - Jason Spezza wins face-off versus Zenon Konopka in neutral zone.
18:05 of 3rd period - Wrist shot by Jason Pominville.
18:05 of 3rd period - Stopped by Jhonas Enroth with a rebound.
18:07 of 3rd period - Slapshot by TJ Brodie.
18:07 of 3rd period - Shot Misses the Net.
18:09 of 3rd period - Wrist shot by Mikael Backlund.
18:09 of 3rd period - Shot Misses the Net.
18:11 of 3rd period - Slapshot by Chris Phillips.
18:11 of 3rd period - Deflect By Jason Spezza.
18:11 of 3rd period - Shot Misses the Net.
18:11 of 3rd period - Puck is out of play.
18:12 of 3rd period - Jordan Staal wins face-off versus Chris VandeVelde in RedWings zone.
18:39 of 3rd period - Slapshot by Jordan Staal.
18:39 of 3rd period - Goal by Jordan Staal - Flames : 8 - RedWings : 2.
18:40 of 3rd period - Jason Spezza wins face-off versus Justin Abdelkader in neutral zone.
18:43 of 3rd period - Wrist shot by Jason Spezza.
18:43 of 3rd period - Shot Misses the Net.
19:24 of 3rd period - Minor Penalty to Alexei Emelin for Hooking.
19:25 of 3rd period - Jordan Staal wins face-off versus Milan Michalek in RedWings zone.
Goals for this period are 1 for Flames vs 2 for RedWings.
Shots for this period are 9 for Flames vs 8 for RedWings.


Output by the SimonT Hockey Simulator (STHS) for Eric Dolegowski -- Original Page W3C XHTML 1.0 Valid
Hockey Simulator - Hockey Simulation - Hockey Manager